 Dungeon Crawl Stone Soup version 0.18-a0-116-g2d311b1 (webtiles) character file.

66798 Duffy the Impaler (level 14, -8/115 HPs)
             Began as a Centaur Fighter on Nov 16, 2015.
             Was the Champion of Cheibriados.
             Mangled by nublet's ghost (27 damage)
             ... on level 8 of the Lair of Beasts.
             The game lasted 00:46:43 (23499 turns).

Duffy the Impaler (Centaur Fighter)                Turns: 23499, Time: 00:46:43

Health: -8/115     AC: 24    Str: 35    XL:     14   Next: 80%
Magic:  20/20      EV: 11    Int: 25    God:    Cheibriados [******]
Gold:   1271       SH:  0    Dex: 25    Spells: 3 memorised, 6 levels left

rFire  + + .     SeeInvis .     a - +6 glaive (flame)
rCold  + . .     Clarity  .     W - +1 chain mail {MR+}
rNeg   . . .     SustAt   .     (shield currently unavailable)
rPois  .         Gourm    .     t - +0 helmet
rElec  .         Spirit   .     s - +0 cloak
rCorr  .         Warding  .     p - +0 pair of gloves
rMut   .         Stasis   .     P - +4 centaur barding {rF+}
MR     ++...                    z - amulet of regeneration
Stlth  ..........               J - ring of protection from cold
                                X - ring of protection from fire

@: about to teleport, very slow, very resistant to hostile enchantments,
extremely unstealthy
A: hooves 3, deformed body, speed 2, tough skin 3
a: Bend Time, Temporal Distortion, Slouch, Step From Time, Renounce Religion


You were on level 8 of the Lair of Beasts.
You worshipped Cheibriados.
Cheibriados was exalted by your worship.
You were not hungry.

You visited 3 branches of the dungeon, and saw 21 of its levels.

You collected 2268 gold pieces.
You spent 997 gold pieces at shops.


Innate Abilities, Weirdness & Mutations

You have hooves in place of feet.
Armour fits poorly on your strangely shaped body.
You cover ground very quickly.
You have extremely tough skin (AC +3).


   Skills:
 - Level 8.0 Fighting
 + Level 17.4 Polearms
 - Level 8.0 Armour
 + Level 6.9 Dodging
   Level 2.2 Shields
 - Level 8.2 Invocations
 - Level 4.2 Evocations


You had 6 spell levels left.
You knew the following spells:

 Your Spells              Type           Power        Failure   Level  Hunger
a - Apportation           Tloc           #.........   47%         1    ##.....
d - Passage of Golubria   Tloc           N/A          100%        4    #####..
B - Blink                 Tloc           N/A          73%         2    ###....

Inventory:

Hand Weapons
 a - a +6 glaive of flaming (weapon)
 b - a +6 blowgun
Missiles
 h - 8 curare-tipped needles
 o - 689 stones (quivered)
 u - 4 throwing nets
 A - 14 poisoned needles
Armour
 p - a +0 pair of gloves (worn)
 s - a +0 cloak (worn)
 t - a +0 helmet (worn)
 P - a +4 centaur barding of fire resistance (worn)
 W - a +1 chain mail of magic resistance (worn)
Jewellery
 m - an uncursed ring of teleportation
 z - an amulet of regeneration (around neck)
 D - an uncursed amulet of warding
 G - an uncursed amulet of resist corrosion
 J - a ring of protection from cold (right hand)
 L - the ring of Diest {rPois rF- rC+ rN+ Str-4, unknown}

   [ring of positive energy]

   It affects your strength (-4).
   It makes you vulnerable to fire.
   It protects you from cold.
   It protects you from poison.
   It protects you from negative energy.
 X - a ring of protection from fire (left hand)
Wands
 f - a wand of draining (4)
 w - a wand of digging (14)
 y - a wand of flame (17)
 B - a wand of draining (5)
 M - a wand of teleportation (5)
 Q - a wand of teleportation (2)
 V - a wand of enslavement (14)
Scrolls
 j - 9 scrolls of remove curse
 k - 4 scrolls of blinking
 l - 2 scrolls of fear
 n - 5 scrolls of recharging
 q - 4 scrolls of teleportation
 S - a scroll of silence
 T - 5 scrolls of fog
 Z - a scroll of magic mapping
Potions
 c - a potion of resistance
 d - 2 potions of might
 g - 2 potions of invisibility
 r - a potion of lignification
 v - a potion of flight
 x - 3 potions of cancellation
 E - 11 potions of curing
 F - 5 potions of brilliance
 H - 5 potions of heal wounds
 I - 2 potions of cure mutation
 O - 2 potions of magic
 R - a potion of agility
Comestibles
 e - 10 bread rations
 i - a slice of pizza
 C - 7 meat rations
 K - a royal jelly
 Y - 19 fruits

Dungeon Overview and Level Annotations

Branches:
Dungeon (10/15)            Temple (0/1) D:5            Lair (8/8) D:10
 Shoals (0/4) Lair:5        Snake (0/4) Lair:6        Slime (0/6) Lair:7
    Orc (3/4) D:9
    Elf: Orc:3-4

Altars:
Ashenzari
Cheibriados
Elyvilon
Fedhas
Gozag
Kikubaaqudgha
Makhleb
Nemelex Xobeh
Okawaru
Qazlal
Vehumet
Xom
Yredelemnul
Zin
The Shining One
Jiyva

Shops:
D:4 [![}?

Annotations:
D:8 Duffy's ghost, journeyman FoBe
Lair:8 nublet's ghost, journeyman OgGl


Message History

Your kick misses nublet's ghost.
Nublet's ghost is lightly damaged.
Nublet's ghost hits you!!!
You are electrocuted!
You hit nublet's ghost. You burn nublet's ghost.
You kick nublet's ghost, but do no damage.
Nublet's ghost is lightly damaged.
You hit nublet's ghost but do no damage.
You kick nublet's ghost.
Nublet's ghost is lightly damaged.
Nublet's ghost hits you!
You are electrocuted!
You are too injured to fight recklessly!
You are too injured to fight recklessly!
You are too injured to fight recklessly!
You are too injured to fight recklessly!
You are too injured to fight recklessly!
You are too injured to fight recklessly!
You are too injured to fight recklessly!
You are too injured to fight recklessly!
You are too injured to fight recklessly!
You are too injured to fight recklessly!
You are too injured to fight recklessly!
You are too injured to fight recklessly!
You are too injured to fight recklessly!
You are too injured to fight recklessly!
You are too injured to fight recklessly!
You are too injured to fight recklessly!
You are too injured to fight recklessly!
You closely miss nublet's ghost. Your kick misses nublet's ghost.
Nublet's ghost is lightly damaged.
Nublet's ghost hits you but does no damage.
You are electrocuted!
Read which item? (? for menu, Esc to quit)
As you read the scroll of teleportation, it crumbles to dust.
You feel strangely unstable. Nublet's ghost hits you!!
You die...

...####.##...# #P......#......#.
....##...##..## #.......##.....##
#...#....#....####......##....P#
...............###......##...).##
#............##.......P.##....#.#
.............#..P.....####.....##
......##..#..............#......#
.......###......W....P........P.#
#....####......#@.....#P.......##
#....# ###....####..............#
##...# #.......# #.............##
#....# ##P...#.# ##...(.P.#.....#
#...## ##P..### #....#.P......)
##...####PP.## ##.....P......P#
#......##..P.## ##P..≈.........P#
.....P###.P...###.≈≈≈≈≈≈≈.≈.....#
....P.# #P....##≈..≈≈≈≈≈≈≈≈......


You could see nublet's ghost.

Action                   |  1- 3 |  4- 6 |  7- 9 | 10-12 | 13-15 || total
-------------------------+-------+-------+-------+-------+-------++-------
Melee: Trident           |   121 |   196 |   495 |   705 |       ||  1517
       Glaive            |       |       |       |   417 |   644 ||  1061
Throw: Stone             |    13 |    68 |    55 |    46 |    19 ||   201
       Tomahawk          |       |    10 |    89 |   195 |   194 ||   488
       Javelin           |       |       |       |       |     5 ||     5
Invok: Slouch            |       |       |       |     3 |       ||     3
       Bend Time         |       |       |       |     2 |       ||     2
Evoke: Wand              |       |       |    10 |       |       ||    10
  Use: Scroll            |     3 |     2 |     6 |    17 |    12 ||    40
       Potion            |       |       |     2 |     3 |     3 ||     8
 Stab: Confused          |       |       |     8 |       |       ||     8
  Eat: Chunk             |     3 |     4 |     9 |    21 |     7 ||    44
       Beef jerky        |       |       |       |       |     4 ||     4

Notes
Turn   | Place    | Note
--------------------------------------------------------------
     0 | D:1      | Duffy the Centaur Fighter began the quest for the Orb.
     0 | D:1      | Reached XP level 1. HP: 19/19 MP: 1/1
    40 | D:1      | Reached skill level 2 in Polearms
   121 | D:1      | Reached XP level 2. HP: 26/26 MP: 2/2
   204 | D:1      | Found a snail-covered altar of Cheibriados.
   225 | D:1      | Became a worshipper of Cheibriados the Contemplative
   374 | D:1      | Reached skill level 3 in Polearms
   588 | D:1      | Reached XP level 3. HP: 31/31 MP: 3/3
  1105 | D:2      | Noticed Sigmund
  1686 | D:2      | Found a faded altar to an unknown god.
  1686 | D:2      | Noticed Natasha
  1714 | D:2      | Noticed Robin
  1762 | D:3      | Reached XP level 4. HP: 29/38 MP: 4/4
  1997 | D:3      | Killed Robin
  1997 | D:3      | Reached skill level 4 in Polearms
  2249 | D:3      | Reached XP level 5. HP: 21/45 MP: 5/5
  2466 | D:3      | Reached skill level 5 in Polearms
  2656 | D:3      | Reached * piety under Cheibriados
  2884 | D:3      | Found a white marble altar of Elyvilon.
  2884 | D:3      | Found a sparkling altar of Nemelex Xobeh.
  2885 | D:3      | Found an iron altar of Okawaru.
  3140 | D:4      | Found Nixorgh's Armour Emporium.
  3214 | D:4      | Noticed an ogre
  3226 | D:4      | Killed an ogre
  3226 | D:4      | Reached skill level 6 in Polearms
  3226 | D:4      | Reached XP level 6. HP: 23/51 MP: 6/6
  3521 | D:4      | Found Amowuso's Armour Boutique.
  3521 | D:4      | Found Oriet's Gadget Boutique.
  3534 | D:4      | Reached skill level 7 in Polearms
  3534 | D:4      | Reached XP level 7. HP: 48/57 MP: 7/7
  3568 | D:4      | Found Qigaoc's Distillery.
  3726 | D:4      | Found Beolay's Magic Scroll Emporium.
  3924 | D:5      | Entered Level 5 of the Dungeon
  4037 | D:5      | Found a staircase to the Ecumenical Temple.
  4162 | D:5      | Noticed Duffy's ghost (amateur DESu)
  4258 | D:6      | Reached ** piety under Cheibriados
  4456 | D:6      | Reached skill level 4 in Fighting
  4456 | D:6      | Reached skill level 8 in Polearms
  4571 | D:6      | Reached XP level 8. HP: 63/66 MP: 8/8
  5140 | D:6      | Reached skill level 1 in Evocations
  5218 | D:5      | Found an opulent altar of Gozag.
  5244 | D:5      | Noticed Grinder
  5325 | D:7      | Found a glowing golden altar of the Shining One.
  5326 | D:7      | Found a glowing silver altar of Zin.
  5330 | D:7      | Found an ancient bone altar of Kikubaaqudgha.
  5519 | D:5      | Reached skill level 2 in Evocations
  5531 | D:5      | Killed Grinder
  5531 | D:5      | Reached skill level 9 in Polearms
  5590 | D:5      | Reached skill level 3 in Evocations
  5634 | D:5      | Killed Duffy's ghost
  5770 | D:5      | Found a shimmering altar of Xom.
  6084 | D:5      | Reached *** piety under Cheibriados
  6295 | D:2      | Killed Sigmund
  6295 | D:2      | Reached skill level 4 in Evocations
  6295 | D:2      | Reached XP level 9. HP: 73/73 MP: 10/12
  6326 | D:2      | Killed Natasha
  6335 | D:2      | Noticed Natasha
  6347 | D:2      | Killed Natasha
  6433 | D:2      | Found a stormy altar of Qazlal.
  6510 | D:2      | Noticed Natasha
  6518 | D:2      | Killed Natasha
  6626 | D:2      | Noticed Jessica
  6633 | D:2      | Killed Jessica
  6657 | D:2      | Found a shattered altar of Ashenzari.
  6817 | D:2      | Found a basalt altar of Yredelemnul.
  7003 | D:7      | Found a burning altar of Makhleb.
  7083 | D:7      | Reached skill level 1 in Dodging
  7214 | D:7      | Reached **** piety under Cheibriados
  7278 | D:7      | Reached skill level 2 in Dodging
  7452 | D:4      | Bought a +1 centaur barding of fire resistance for 420 gold pieces
  7559 | D:7      | Reached skill level 10 in Polearms
  8013 | D:8      | Noticed Duffy's ghost (journeyman FoBe)
  8139 | D:8      | Reached skill level 3 in Armour
  8233 | D:9      | Reached ***** piety under Cheibriados
  8379 | D:9      | Reached skill level 4 in Armour
  8446 | D:9      | Reached XP level 10. HP: 66/80 MP: 13/13
  8472 | D:9      | Found a staircase to the Orcish Mines.
  8646 | D:9      | Reached skill level 5 in Fighting
  8685 | D:9      | Found a blossoming altar of Fedhas.
  8795 | D:8      | Noticed Erica
  8838 | D:9      | Killed Erica
  8838 | D:9      | Reached skill level 11 in Polearms
  8838 | D:9      | Reached skill level 5 in Armour
  9210 | D:10     | Entered Level 10 of the Dungeon
  9228 | D:10     | Reached skill level 1 in Invocations
  9389 | D:10     | Killed an unseen horror
  9389 | D:10     | Reached skill level 2 in Invocations
  9495 | D:10     | Reached skill level 3 in Invocations
  9503 | D:10     | Reached skill level 6 in Fighting
  9572 | D:10     | Reached skill level 4 in Invocations
  9605 | D:10     | Reached ****** piety under Cheibriados
  9615 | D:10     | Reached XP level 11. HP: 73/91 MP: 14/14
  9769 | D:10     | Found a staircase to the Lair.
  9799 | D:10     | Reached skill level 5 in Invocations
  9959 | D:10     | Reached skill level 7 in Fighting
 10365 | D:4      | Bought a scroll of enchant armour for 97 gold pieces
 10368 | D:4      | Bought a scroll of identify for 26 gold pieces
 10477 | Orc:1    | Entered Level 1 of the Orcish Mines
 10799 | Orc:2    | Reached skill level 12 in Polearms
 11793 | Orc:3    | Found a radiant altar of Vehumet.
 11870 | Orc:3    | Reached skill level 6 in Invocations
 12130 | Orc:3    | Reached skill level 8 in Fighting
 12861 | D:4      | Bought a scroll of identify for 26 gold pieces
 12861 | D:4      | Bought a scroll of identify for 26 gold pieces
 12861 | D:4      | Bought a scroll of identify for 26 gold pieces
 12861 | D:4      | Bought a scroll of identify for 26 gold pieces
 12877 | D:4      | Bought 2 potions of heal wounds for 140 gold pieces
 12877 | D:4      | Bought a potion of curing for 42 gold pieces
 12877 | D:4      | Bought a potion of resistance for 140 gold pieces
 12877 | D:4      | Bought a potion of degeneration for 14 gold pieces
 12877 | D:4      | Bought a potion of poison for 14 gold pieces
 13208 | Lair:1   | Entered Level 1 of the Lair of Beasts
 13224 | Lair:1   | Reached skill level 7 in Invocations
 13297 | Lair:1   | Noticed Sonja
 13298 | Lair:1   | Killed Sonja
 13573 | Lair:1   | Noticed an eight-headed hydra
 13580 | Lair:1   | Killed a five-headed hydra
 13580 | Lair:1   | Reached skill level 8 in Invocations
 14065 | Lair:1   | Reached XP level 12. HP: 101/101 MP: 18/18
 14428 | Lair:2   | Noticed Harold
 14438 | Lair:2   | Killed Harold
 14438 | Lair:2   | Reached skill level 13 in Polearms
 14665 | Lair:2   | Found an ancient bone altar of Kikubaaqudgha.
 15776 | Lair:3   | Reached skill level 14 in Polearms
 17871 | Lair:5   | Reached skill level 15 in Polearms
 18091 | Lair:5   | Reached XP level 13. HP: 19/107 MP: 9/19
 18397 | Lair:5   | Found a staircase to the Shoals.
 19086 | Lair:5   | Reached skill level 16 in Polearms
 19440 | Lair:6   | Reached skill level 3 in Dodging
 19741 | Lair:6   | Found a staircase to the Snake Pit.
 20101 | Lair:6   | Reached skill level 6 in Armour
 20450 | Lair:7   | Reached skill level 4 in Dodging
 21042 | Lair:7   | Learned a level 1 spell: Apportation
 21045 | Lair:7   | Learned a level 2 spell: Blink
 21050 | Lair:7   | Learned a level 4 spell: Passage of Golubria
 21057 | Lair:7   | Got a fine bronze ring
 21242 | Lair:7   | Found a viscous altar of Jiyva.
 21242 | Lair:7   | Found a staircase to the Slime Pits.
 21297 | Lair:7   | Reached XP level 14. HP: 115/115 MP: 20/20
 21498 | Lair:8   | Entered Level 8 of the Lair of Beasts
 21572 | Lair:8   | Reached skill level 7 in Armour
 21610 | Lair:8   | Reached skill level 5 in Dodging
 22299 | Lair:8   | Reached skill level 17 in Polearms
 22466 | Lair:8   | Reached skill level 6 in Dodging
 22623 | Lair:8   | Reached skill level 8 in Armour
 23492 | Lair:8   | Noticed nublet's ghost (journeyman OgGl)
 23499 | Lair:8   | Mangled by nublet's ghost

Vault maps used:
D:1:      dpeg_arrival_shrine, cheibriados_altar_1
D:2:      evilmike_ruin_ashenzari, grunt_qazlal_sundering,
          nicolae_overflow_crystal_walls, ecumenical_altar_1, uniq_sigmund,
          uniq_jessica, uniq_robin, uniq_natasha
D:3:      gammafunk_temple_overflow_claw, minmay_misc_feat_rows,
          nrook_mini_vaults
D:4:      serial_shops, shop_fountains, shop, shop_statue, nicolae_shop_crystal,
          nicolae_shop_crystal, st_stairs_7
D:5:      nicolae_gozag_seed_capital, lemuel_coloured_pillars_altar,
          minmay_temple_entry_trees, first_bread, uniq_grinder
D:7:      grunt_temple_overflow_open, basic_altar
D:8:      nicolae_ru_the_path_less_chosen, uniq_erolcha, uniq_erica
D:9:      david_orc_2, hangedman_tree_tricks
D:10:     minmay_lair_entry_grove, bh_chokoban, amalloy_card_club
Lair:1:   st_stairs_5, uniq_sonja
Lair:2:   basic_altar, grunt_megastairs_4, lemuel_fruit_fields, uniq_harold
Lair:3:   serial_bayou_shore_b
Lair:5:   shoals_dummy_entry, beast_lair_carwin_2
Lair:6:   dummy_snake_entry, grunt_megastairs_3, infiniplex_staircase_pool
Lair:7:   dpeg_slime_entry_enclosed_altar
Lair:8:   minmay_lair_end_enchanted_forest, infiniplex_staircase_pool_2
Orc:3:    basic_altar, nicolae_orc_pool_cavern

Vanquished Creatures
  Harold
  6 hydras Erica
  10 death yaks Sonja
  A lindwurm
  An unseen horror
  An orc knight
  2 griffons
  14 elephants
  2 torpor snails
  8 black mambas
  16 spiny frogs
  12 komodo dragons
  9 polar bears
  A spriggan druid
  2 fire drakes
  A troll Grinder
  23 blink frogs
  13 spriggans
  The ghost of Duffy the Caller, an amateur DESu Sigmund
  8 redbacks
  2 hungry ghosts
  2 wyverns
  39 yaks
  6 basilisks
  9 hippogriffs
  28 wolves
  3 wargs
  A vampire mosquito
  18 porcupines
  13 water moccasins
  A necrophage
  14 orc warriors
  4 wasps
  2 centaurs
  6 black bears
  2 phantoms
  2 ice beasts
  8 ogres
  23 crocodiles
  A big kobold
  15 giant frogs
  2 wyvern zombies
  2 scorpions
  3 wights
  7 hounds
  3 crimson imps
  14 orc priests
  3 jellies
  29 orc wizards
  A gnoll shaman
  9 iguanas
  16 worker ants
  2 giant frog skeletons
  Jessica Natasha (thrice)
  21 sheep
  A killer bee zombie
  2 hound zombies Robin
  21 gnolls
  5 adders
  64 river rats
  An ooze
  An adder skeleton
  5 worms
  3 giant geckos
  142 orcs
  A ball python
  11 hobgoblins
  3 jackals
  6 quokkas
  6 bats
  6 giant cockroaches
  2 giant newts
  16 goblins
  14 kobolds
  A quokka skeleton
  3 quokka zombies
  7 rats
  A bush
  39 fungi
  20 plants
833 creatures vanquished.
